 Dungeon Crawl Stone Soup version 0.29.0-4-gdea44cf6ec (webtiles) character file.

Game seed: 15130545166625003191

37 qw the Chopper (level 3, -3/21 HPs)
             Began as a Tengu Warper on Aug 28, 2022.
             Slain by Robin
             ... wielding a +0 trident
              (4 damage)
             ... on level 2 of the Dungeon.
             The game lasted 00:00:06 (1244 turns).

qw the Chopper (Tengu Warper)                       Turns: 1244, Time: 00:00:07

Health: -3/21      AC:  3    Str: 13    XL:     3   Next: 41%
Magic:  7/7        EV: 12    Int: 13    God:
Gold:   5          SH:  0    Dex: 13    Spells: 6/6 levels left

rFire   . . .      SeeInvis .   Y - +0 hand axe
rCold   . . .      Faith    .   (no shield)
rNeg    . . .      Spirit   .   b - +0 leather armour
rPois   .          Reflect  .   (helmet restricted)
rElec   .          Harm     .   (no cloak)
rCorr   .          Rampage  .   (no gloves)
Will    .....                   (boots unavailable)
Stlth   +.........              (no amulet)
HPRegen 0.07/turn               (no ring)
MPRegen 0.10/turn               (no ring)

@: no status effects
A: beak, talons 3
a: no special abilities


You were on level 2 of the Dungeon.
You visited 1 branch of the dungeon, and saw 2 of its levels.

You collected 5 gold pieces.


Innate Abilities, Weirdness & Mutations

You have a beak for a mouth.
You have claws for feet.


   Skills:
 - Level 2.0 Fighting
 + Level 4.1 Axes
 - Level 1.0 Throwing
 - Level 1.1 Armour
 - Level 2.1 Dodging
 - Level 2.0 Spellcasting
 - Level 2.4 Translocations


You had 6 spell levels left.
You didn't know any spells.
Your spell library contained the following spells:

 Spells                   Type           Power      Damage    Failure   Level
 Blink                    Tloc           14%        N/A       19%         2
 Gell's Gravitas          Tloc           7%         N/A       36%         3
 Lesser Beckoning         Tloc           7%         N/A       36%         3
 Teleport Other           Tloc           7%         N/A       36%         3
 Manifold Assault         Tloc           7%         N/A       98%         5

Inventory:

Hand Weapons
 d - a +0 club
 Y - a +0 hand axe (weapon)
Armour
 b - a +0 leather armour (worn)
Potions
 g - a potion of heal wounds {unknown}
 i - a potion of haste {unknown}
 j - a potion of might {unknown}
 l - a potion of lignification {unknown}

Dungeon Overview and Level Annotations

Branches:
Dungeon (2/15)

Altars:

Annotations:
D:2 Robin


Message History

Robin roars a battlecry!
The goblins go into a battle-frenzy!
You hear a shout! x3
You closely miss the goblin. Your peck misses the goblin.
The goblin is almost dead.
You hear a shout! x2
The goblin hits you with a +0 club.
You closely miss the goblin. You claw the goblin.
You kill the goblin!
Robin throws the goblin at you!
You hit the goblin but do no damage. Your peck misses the goblin.
You closely miss the hobgoblin. The hobgoblin hits you.
The goblin hits you but does no damage.
You closely miss the goblin.
The goblin shouts!
Your kick misses the goblin. Your peck misses the goblin.
You hit the hobgoblin. The hobgoblin hits you.
The goblin hits you with a +0 dagger.
You barely miss the hobgoblin. You claw the hobgoblin.
The hobgoblin is heavily wounded.
You hit the goblin.
You kill the goblin!
The hobgoblin misses you.
Robin hits you from afar with a +0 trident.
You hit the hobgoblin.
The hobgoblin is severely wounded.
The hobgoblin closely misses you.
Robin hits you from afar with a +0 trident.
A hobgoblin comes into view.
Robin throws the goblin at you! The goblin closely misses you.
The hobgoblin completely misses you.
You hit the hobgoblin.
You kill the hobgoblin!
You hit the goblin. Robin barely misses you. The goblin misses you.
You hit the goblin.
You kill the goblin!
A goblin comes into view. It is wielding a +0 dagger.
Robin completely misses you. Robin hits you with a +0 trident.
You die...

###########
#.%......<#
#)#########
#.# #@# #g#
#g# .g# ..#
...# .#.#
#...#


You could see Robin, a hobgoblin (strong) and a goblin (strong).

Vanquished Creatures
  2 dart slugs (D:1)
  2 bats (D:1)
  An endoplasm (D:1)
  A giant cockroach (D:1)
  8 goblins
  4 hobgoblins
  3 jackals (D:1)
  A quokka (D:1)
  A ball python (D:1)
  3 frilled lizards (D:1)
  A kobold (D:1)
  3 rats (D:1)
30 creatures vanquished.

Notes
Turn   | Place    | Note
-------+----------+-------------------------------------------
     0 | D:1      | qw the Tengu Warper began the quest for the Orb.
     0 | D:1      | Reached XP level 1. HP: 12/12 MP: 4/4
     0 | D:1      | 0 ||| qw: Version: 0.1-a-89-g26bdef1
     0 | D:1      | 0 ||| qw: Game counter: 1659
     0 | D:1      | 0 ||| qw: Always use a shield: true
     0 | D:1      | 0 ||| qw: God list: Okawaru
     0 | D:1      | 0 ||| qw: Allow faded altars: false
     0 | D:1      | 0 ||| qw: Do Orc after D:15 true
     0 | D:1      | 0 ||| qw: Do second Lair branch before Depths: true
     0 | D:1      | 0 ||| qw: Lair rune preference: random
     0 | D:1      | 0 ||| qw: Plans: Normal
     0 | D:1      | 0 ||| PLANNING D:1-11
    83 | D:1      | 83 ||| Stepping ~*~*~tactically~*~*~ (hiding).
    93 | D:1      | Reached skill level 3 in Axes
    93 | D:1      | Reached XP level 2. HP: 17/17 MP: 6/6
   251 | D:1      | 251 ||| Stepping ~*~*~tactically~*~*~ (water).
   458 | D:1      | 458 ||| Stepping ~*~*~tactically~*~*~ (stealth).
   461 | D:1      | 461 ||| Stepping ~*~*~tactically~*~*~ (stealth).
   462 | D:1      | 462 ||| Stepping ~*~*~tactically~*~*~ (stealth).
   464 | D:1      | 464 ||| Stepping ~*~*~tactically~*~*~ (stealth).
   725 | D:1      | Reached XP level 3. HP: 14/21 MP: 7/7
  1058 | D:1      | 1058 ||| Stepping ~*~*~tactically~*~*~ (stealth).
  1090 | D:1      | 1090 ||| READING scroll labelled NANENE CURCHIMO.
  1091 | D:1      | 1091 ||| READING scroll labelled ZOENISHRO UDGHO.
  1092 | D:1      | 1092 ||| READING scroll labelled YSYZOT LUXI.
  1093 | D:1      | 1093 ||| READING scroll labelled ACVYIN LUWEUG.
  1094 | D:1      | 1094 ||| READING scroll labelled WAFEBL CEUSSA.
  1095 | D:1      | 1095 ||| DROPPING scroll of blinking.
  1130 | D:2      | Noticed Robin
  1131 | D:2      | 1131 ||| Stepping ~*~*~tactically~*~*~ (hiding).
  1226 | D:2      | Reached skill level 4 in Axes
  1240 | D:2      | HP: 5/21 [Robin/+0 trident (4)]
  1241 | D:2      | HP: 2/21 [Robin/+0 trident (3)]
  1244 | D:2      | Slain by Robin

Levels and vault maps discovered:
D:1:      dpeg_arrival_short_road, layout_rooms, minivault_14, chequers_jeans,
          lemuel_flame_loot_1
D:2:      layout_basic, basic_altar, dreamdust_ecumenical_altar_statues,
          dk_vineyard_1, uniq_jessica, uniq_robin

Skill      XL: |  1  2  3 |
---------------+----------+-----
Axes           | 3 4 |  4.1
Fighting       | |  2.0
Throwing       | |  1.0
Armour         | |  1.1
Dodging        | |  2.1
Spellcasting   | |  2.0
Translocations | |  2.4

Action                   || total
-------------------------++-------
Melee: Hand axe          ||    66
       Kick              ||    18
       Peck              ||     7
Throw: Boomerang         ||     7
  Use: Scroll            ||     5
Armor: Leather armour    ||    13
Dodge: Dodged            ||    30

Table legend:
 A = Non-vault XP
 B = Vault XP
 C = Vault XP percentage of total XP
 D = Non-vault monster count
 E = Vault monster count
 F = Vault count percentage of total count
                 A         B        C        D         E       F
            +---------+---------+-------+---------+---------+-------
      Total |      43 |      11 |  20.4 |      24 |       6 |  20.0
            +---------+---------+-------+---------+---------+-------
        D:1 |      43 |       0 |   0.0 |      24 |       0 |   0.0
        D:2 |       0 |      11 | 100.0 |       0 |       6 | 100.0
            +---------+---------+-------+---------+---------+-------
